 Dungeon Crawl Stone Soup version 0.27.0-1-g7a089689b8 (webtiles) character file.

Game seed: 14166899462946808499

11513 gimp the Severer (level 11, 0/141 HPs)
             Began as a Minotaur Artificer on July 31, 2021.
             Was a Priest of Trog.
             Slain by an orc warrior (9 damage)
             ... led by an orc knight
             ... on level 1 of the Orcish Mines.
             The game lasted 00:23:09 (13358 turns).

gimp the Severer (Minotaur Artificer)              Turns: 13358, Time: 00:23:09

Health: 0/141      AC:  9    Str: 19    XL:     11   Next: 50%
Magic:  0/19       EV: 10    Int:  6    God:    Trog [***...]
Gold:   774        SH: 12    Dex: 17    Spells: 10/10 levels left

rFire    . . .     SeeInvis .   a - +1 broad axe (elec)
rCold    . . .     Faith    .   L - +0 kite shield
rNeg     + . .     Spirit   +   N - +0 acid dragon scales
rPois    .         Reflect  .   (helmet restricted)
rElec    .         Harm     .   p - +0 cloak
rCorr    +         Rampage  .   (no gloves)
Will     ++...                  (no boots)
Stlth    ..........             F - amulet of guardian spirit
HPRegen  1.33/turn              l - ring of magical power
MPRegen  0.16/turn              g - ring of Fuiqeaf {rN+ Int-2 Dex+5}

@: berserking, strong-willed (expiring), regenerating (expiring), very quick
A: horns 2, retaliatory headbutt
a: Renounce Religion, Berserk, Trog's Hand


You were on level 1 of the Orcish Mines.
You worshipped Trog.
Trog was most pleased with you.
You visited 3 branches of the dungeon, and saw 13 of its levels.
You also visited: Ice Cave.

You collected 963 gold pieces.
You spent 189 gold pieces at shops.

Inventory:

Hand Weapons
 a - a +1 broad axe of electrocution (weapon)
 b - a +0 hand axe
 K - a +6 whip of venom
Missiles
 y - 5 javelins
 A - 8 poisoned darts (quivered)
 E - a throwing net
Armour
 p - a +0 cloak (worn)
 I - a +0 plate armour
 L - a +0 kite shield (worn)
 N - +0 acid dragon scales (worn)
Jewellery
 g - the ring of Fuiqeaf (right hand) {rN+ Int-2 Dex+5}
   (You found it on level 9 of the Dungeon)

   [ring of positive energy]

   Int:       It affects your intelligence (-2).
   Dex:       It affects your dexterity (+5).
   rN:        It protects you from negative energy.
 l - a ring of magical power (left hand)
 B - an amulet of the acrobat
 F - an amulet of guardian spirit (around neck)
Wands
 c - a wand of flame (4)
 d - a wand of charming (16)
 C - a wand of digging (3)
 O - a wand of iceblast (8)
Scrolls
 f - 4 scrolls of magic mapping {unknown}
 i - 4 scrolls of teleportation {unknown}
 k - 6 scrolls of identify {unknown}
 o - 2 scrolls of noise {unknown}
 q - 4 scrolls of enchant armour {unknown}
 r - a scroll of silence {unknown}
 s - 2 scrolls of fear {unknown}
 t - 3 scrolls of enchant weapon {unknown}
 D - 4 scrolls of amnesia {unknown}
 H - a scroll of holy word {unknown}
Potions
 h - 9 potions of curing
 j - 2 potions of mutation {unknown}
 m - 3 potions of lignification {unknown}
 n - a potion of might
 u - a potion of haste {unknown}
 v - a potion of flight {unknown}
 w - 2 potions of heal wounds {unknown}
 x - 2 potions of cancellation {unknown}
 z - 2 potions of invisibility {unknown}
 G - 2 potions of attraction {unknown}
 J - 2 potions of brilliance {unknown}
Miscellaneous
 e - a piece from Xom's chessboard (11/15)
 M - a lightning rod (1/4)


   Skills:
 - Level 8.0 Fighting
 + Level 16.0 Axes
 - Level 7.2 Armour
 - Level 1.1 Dodging
 - Level 0.7 Stealth
 + Level 8.9 Shields
 - Level 2.6 Evocations


You had 10 spell levels left.
You didn't know any spells.
Your spell library was empty.

Dungeon Overview and Level Annotations

Branches:
Dungeon (11/15)            Temple (1/1) D:4            Lair (0/6) D:10
    Orc (1/2) D:10          IceCv (visited)

Altars:
Ashenzari
Cheibriados
Dithmenos
Elyvilon
Fedhas
Gozag
Hepliaklqana
Kikubaaqudgha
Makhleb
Nemelex Xobeh
Okawaru
Qazlal
Ru
Sif Muna
Trog
Uskayaw
Vehumet
Wu Jian
Xom
Yredelemnul
Zin
The Shining One
Beogh

Shops:
D:2 *   D:5 (

Annotations:
D:7 Harold
D:10 exclusion: 2 oklob plants


Innate Abilities, Weirdness & Mutations

You have a pair of horns on your head.
You reflexively headbutt those who attack you in melee.


Message History

The orc knight is moderately wounded.
The thunderbolt hits the bat!
You kill the bat!
Trog accepts your kill.
The orc warrior hits you from afar with a +0 trident!!
* * * LOW HITPOINT WARNING * * *
You take 15 damage, and have 9/94 hp.
You now have 1/19 mp.
A red film seems to cover your vision as you go berserk!
You feel yourself moving faster!
You feel mighty!
You feel the effects of Trog's Hand fading.
You block the orc warrior's attack.
The orc warrior hits you from afar with a +0 trident!
* * * LOW HITPOINT WARNING * * *
You now have 5/141 hp.
You hit the orc warrior. You headbutt the orc warrior!!
The orc warrior is almost dead.
You slice the orc knight!!
Lightning courses through the orc knight!!
You slash the orc warrior!
Lightning courses through the orc warrior!
You kill the orc warrior!
Trog accepts your kill.
You hit the orc knight.
Lightning courses through the orc knight!
You kill the orc knight!
Trog accepts your kill.
The orc warrior no longer looks unusually strong.
The orc warrior hits you but does no damage.
Your Axes skill increases to level 16!
You slice the ogre!! Lightning courses through the ogre!
You kill the ogre!
Trog accepts your kill. You block the orc warrior's attack.
Your piece from Xom's chessboard (11/15) has regained one charge.
Items here: ( )) [.
Your shield prevents you from hitting the orc warrior.
You headbutt the orc warrior.
The orc warrior is severely wounded.
The orc warrior hits you with a +0 trident!
You die...

## #.# ...# ....# #####
#....####.#.###
##........o..##
##.#..).....@).#
#........##.#.## .. .......
##.#...)b###### .... ......
##.....####### ... ......
.........##.#.### ...##.....
.................##.##.#.....
.#.................##...#...#
##....#.#.##.##.......#.....
###.###.##.##.....#)...<>.#


You could see an orc warrior.

Vanquished Creatures
  An ettin (Orc:1)
  A hydra (D:10)
  2 two-headed ogres
  An orc knight (Orc:1)
  An ugly thing (IceCv)
  Maggie (D:6)
  2 unseen horrors (D:10)
  A troll (D:10)
  A hornet (D:9)
  2 wyverns
  7 yaks
  2 steam dragons
  2 death yak simulacra (IceCv)
  Menkaure (D:4)
  2 acid dragons (D:11)
  A hornet zombie (D:8)
  10 orc warriors
  2 necrophages
  2 ice beasts (D:6)
  9 ogres
  3 centaurs
  3 gnoll sergeants
  2 kobold brigands
  6 bullfrogs
  A scorpion (D:4)
  A wyvern zombie (D:8)
  A cane toad simulacrum (IceCv)
  A water moccasin skeleton (D:6)
  5 killer bees (D:9)
  3 wights
  2 howler monkeys
  A vampire bat (Orc:1)
  2 centaur zombies
  2 jellies
  5 orc priests
  A centaur skeleton (D:7)
  A bullfrog skeleton (D:5)
  Natasha (twice) (D:2)
  2 iguanas
  6 orc wizards
  A polar bear simulacrum (IceCv)
  2 hound zombies (D:5)
  2 howler monkey zombies
  6 adders
  10 gnolls
  A shadow imp (D:5)
  A white imp (D:5)
  An adder zombie (D:5)
  2 dart slugs
  36 orcs
  7 ball pythons
  6 bats
  4 endoplasms
  5 giant cockroaches
  10 goblins
  3 hobgoblins
  A jackal (D:3)
  9 quokkas
  4 frilled lizards
  12 kobolds
  5 rats
229 creatures vanquished.

Vanquished Creatures (others)
  An orc wizard (D:6)
  A gnoll (D:8)
  An orc (D:6)
  A kobold (D:1)
  10 plants (D:10)
14 creatures vanquished.

Grand Total: 243 creatures vanquished

Notes
Turn   | Place    | Note
-------+----------+-------------------------------------------
     0 | D:1      | gimp the Minotaur Artificer began the quest for the Orb.
     0 | D:1      | Reached XP level 1. HP: 16/16 MP: 0/0
   380 | D:1      | Reached XP level 2. HP: 24/24 MP: 1/1
   422 | D:1      | Noticed a floating eye
   424 | D:1      | Found a faded altar of an unknown god.
   426 | D:1      | Noticed a shining eye
   426 | D:1      | Noticed a shining eye
   426 | D:1      | Noticed an eye of devastation
  1044 | D:2      | Found Jobboil's Assorted Antiques.
  1095 | D:2      | Noticed Natasha
  1101 | D:2      | Killed Natasha
  1102 | D:2      | Reached XP level 3. HP: 31/31 MP: 2/2
  1165 | D:2      | Noticed Natasha
  1170 | D:2      | Killed Natasha
  1171 | D:2      | Reached XP level 4. HP: 25/38 MP: 3/3
  2653 | D:3      | Reached XP level 5. HP: 27/46 MP: 4/4
  3422 | D:4      | Noticed Menkaure
  3429 | D:5      | Entered Level 5 of the Dungeon
  3440 | D:5      | Reached skill level 5 in Armour
  3440 | D:5      | Noticed an ogre
  3711 | D:5      | Killed an ogre
  3712 | D:5      | Reached skill level 5 in Fighting
  3712 | D:5      | Reached XP level 6. HP: 40/56 MP: 5/5
  4352 | D:4      | Noticed a wyvern
  4358 | D:4      | Killed a wyvern
  4359 | D:4      | Reached XP level 7. HP: 49/66 MP: 6/6
  4498 | D:4      | Found a staircase to the Ecumenical Temple.
  4541 | Temple   | Entered the Ecumenical Temple
  4550 | Temple   | Became a worshipper of Trog the Wrathful
  4566 | D:4      | Killed Menkaure
  4816 | D:5      | Found Keqia's Weapon Emporium.
  4937 | D:2      | Bought a runed broad axe for 189 gold pieces
  5029 | D:5      | Reached skill level 1 in Axes
  5039 | D:5      | Reached skill level 2 in Axes
  5067 | D:5      | Reached skill level 3 in Axes
  5067 | D:5      | Reached XP level 8. HP: 41/74 MP: 7/7
  5569 | D:5      | Reached skill level 4 in Axes
  5810 | D:6      | Reached skill level 5 in Axes
  5907 | D:6      | Reached skill level 6 in Axes
  6040 | D:6      | Noticed Maggie
  6056 | D:6      | Reached skill level 7 in Axes
  6343 | D:7      | Noticed Harold
  6707 | D:6      | Killed Maggie
  6708 | D:6      | Reached skill level 8 in Axes
  6890 | D:6      | Reached skill level 9 in Axes
  7132 | D:6      | Reached XP level 9. HP: 78/81 MP: 8/8
  7590 | D:7      | Reached skill level 10 in Axes
  7596 | D:8      | Noticed a two-headed ogre
  8226 | D:8      | Killed a two-headed ogre
  8227 | D:8      | Reached skill level 12 in Axes
  8398 | D:8      | Reached * piety under Trog
  8597 | D:8      | Reached skill level 13 in Axes
  8794 | D:8      | Reached XP level 10. HP: 65/88 MP: 9/9
  9245 | D:8      | Found a broken altar of Ashenzari.
  9379 | D:9      | Identified the ring of Fuiqeaf {rN+ Int-2 Dex+5}
  9423 | D:9      | Paralysed by a hornet for 1 turns
  9742 | D:9      | Reached skill level 14 in Axes
  9750 | D:9      | Reached ** piety under Trog
 10031 | D:9      | Found an iron altar of Okawaru.
 10409 | D:10     | Entered Level 10 of the Dungeon
 10505 | D:10     | Reached skill level 1 in Shields
 10725 | D:10     | Noticed a two-headed ogre
 10734 | D:10     | Killed a two-headed ogre
 10918 | D:10     | Found a staircase to the Orcish Mines.
 11121 | D:10     | Noticed an oklob plant
 11121 | D:10     | Noticed an oklob plant
 11124 | D:10     | Found a staircase to the Lair.
 11177 | D:10     | Reached skill level 5 in Shields
 11288 | D:10     | Noticed a six-headed hydra
 11298 | D:10     | Killed a six-headed hydra
 11299 | D:10     | Reached skill level 15 in Axes
 11547 | D:10     | Found a sacrificial altar of Ru.
 11547 | D:10     | Found a glowing silver altar of Zin.
 11885 | D:11     | Found a blossoming altar of Fedhas.
 11951 | D:11     | Reached XP level 11. HP: 87/94 MP: 10/10
 11982 | D:11     | Found a frozen archway.
 11992 | IceCv    | Entered an ice cave
 12040 | IceCv    | Noticed a white ugly thing
 12053 | IceCv    | Killed a white ugly thing
 13070 | Orc:1    | Entered Level 1 of the Orcish Mines
 13070 | Orc:1    | Noticed an ettin
 13078 | Orc:1    | Killed an ettin
 13094 | Orc:1    | Reached *** piety under Trog
 13334 | Orc:1    | Noticed an orc knight
 13353 | Orc:1    | HP: 5/141 [orc warrior[an orc knight] (10)]
 13355 | Orc:1    | Killed an orc knight
 13356 | Orc:1    | Reached skill level 16 in Axes
 13358 | Orc:1    | Slain by an orc warrior

Illustrated notes

Levels and vault maps discovered:
D:1:      lightli_arrival_boilingwater, layout_rooms,
          hellmonk_ecumenical_altar_watching_god
D:2:      layout_basic, serial_shops, shop, st_stairs_10, uniq_natasha
D:3:      minmay_skewed_foursquare, layout_basic, item_on_display_a
D:4:      layout_cave_pools, minmay_temple_entry_proselytizer, uniq_menkaure
D:5:      layout_cave_pools, serial_shops, nicolae_square_shop
D:6:      layout_rooms, serial_corexii_hall, chequers_hall_statues_y,
          chequers_hall_statues_wall_a, uniq_maggie
D:7:      layout_cave_pools, serial_column_ruins, column_ruins_circle_medium,
          column_ruins_grid_2, column_ruins_columns_straight,
          column_ruins_open_large, column_ruins_open_tiny,
          column_ruins_open_medium, serial_shops, shop, uniq_harold
D:8:      layout_basic, amcnicky_altar_gilded, grunt_ministairs_1,
          kennysheep_generic_room_4
D:9:      layout_basic, okawaru_metal_pillars_1_2
D:10:     layout_loops_cross, gammafunk_temple_overflow_wave, dpeg_oklobed_lair
D:11:     layout_roguey [special_room_orc], portal_ice_cave_entry_pillars_2,
          fedhas_altar_3
Temple:   nicolae_temple_no_exploring_needed
Orc:1:    layout_caves, roderic_batcave

Skill      XL: |  1  2  3  4  5  6  7  8  9 10 11 |
---------------+----------------------------------+-----
Fighting       | 2 3 4 5 7 8 |  8.0
Armour         | 3 4 5 6 7 |  7.2
Axes           | 3 9 13 15 16 | 16.0
Shields        | 6 8 |  8.9
Dodging        | |  1.1
Stealth        | |  0.7
Evocations     | |  2.6

Action                   |  1- 3 |  4- 6 |  7- 9 | 10-12 || total
-------------------------+-------+-------+-------+-------++-------
Melee: Club              |    25 |       |       |       ||    25
       Headbutt          |     6 |    16 |    39 |    40 ||   101
       Dagger            |     1 |       |       |       ||     1
       Whip              |    43 |    13 |       |     6 ||    62
       Short sword       |       |   110 |    17 |       ||   127
       Broad axe         |       |       |   151 |   185 ||   336
Throw: Dart              |       |       |     3 |     2 ||     5
Invok: Berserk           |       |       |       |     8 ||     8
       Trog's Hand       |       |       |       |     1 ||     1
Evoke: Wand              |     4 |     3 |     9 |     2 ||    18
       Piece from Xom's  |     1 |     3 |    15 |     4 ||    23
       Lightning rod     |       |       |       |     3 ||     3
 Stab: Sleeping          |     1 |     1 |       |       ||     2
       Paralysed         |       |       |     3 |     3 ||     6
Armor: Leather armour    |    29 |    30 |    14 |       ||    73
       Scale mail        |       |       |    81 |    10 ||    91
       Plate armour      |       |       |       |    63 ||    63
       Acid dragon scale |       |       |       |    21 ||    21
Dodge: Dodged            |    44 |    84 |   107 |    64 ||   299
Block: Kite shield       |       |       |       |    61 ||    61
